 Dungeon Crawl Stone Soup version 0.16-a0-3728-gc6b4a4b (webtiles) character file.

433 MrRokkomies the Cudgeler (level 7, 0/41 HPs)
             Began as a Gargoyle Berserker on Jan 22, 2015.
             Was an Elder of Trog.
             Killed by divine providence
             ... invoked by an orc priest
              (17 damage)
             ... on level 5 of the Dungeon.
             The game lasted 00:11:06 (3782 turns).

MrRokkomies the Cudgeler (Gargoyle Berserker)       Turns: 3782, Time: 00:11:06

Health: 0/41       AC: 12    Str: 20    XL:     7   Next: 0%
Magic:  7/7        EV: 10    Int:  8    God:    Trog [****..]
Gold:   262        SH:  0    Dex: 11    Spells: 0 memorised, 6 levels left

rFire  + . .     SeeInvis .     a - +0 flail
rCold  . . .     Clarity  .     q - +1 scale mail
rNeg   + . .     SustAb   .     (no shield)
rPois  ∞         Gourm    .     (no helmet)
rElec  +         Spirit   .     (no cloak)
rCorr  .         Warding  .     (no gloves)
rMut   .         Stasis   .     (no boots)
MR     .....                    (no amulet)
Stlth  +.........               e - ring of stealth
                                u - ring of protection from fire

@: not resistant to hostile enchantments, very unstealthy
A: negative energy resistance 1, electricity resistance, unbreathing,
petrification resistance, rot immunity, AC +4
a: Burn Spellbooks, Berserk, Trog's Hand, Brothers in Arms, Renounce Religion


You were on level 5 of the Dungeon.
You worshipped Trog.
Trog was greatly pleased with you.
You were not hungry.

You visited 1 branch of the dungeon, and saw 5 of its levels.

You collected 262 gold pieces.

Inventory:

Hand weapons
 a - a +0 flail (weapon)
 g - a +2 dagger of venom
Missiles
 d - 47 stones
 n - 7 curare-tipped needles
 t - a throwing net
 v - 6 javelins (quivered)
 w - 6 silver javelins
Armour
 q - a +1 scale mail (worn)
Jewellery
 b - an uncursed ring of positive energy
 e - a ring of stealth (right hand)
 r - an uncursed ring of see invisible
 u - a ring of protection from fire (left hand)
Scrolls
 f - 3 scrolls of remove curse
 s - 3 scrolls of teleportation
Potions
 h - 2 potions of ambrosia {unknown}
 i - 2 potions of curing {unknown}
 k - a potion of restore abilities {unknown}
 l - 2 potions of might {unknown}
 m - a potion of cancellation {unknown}
 o - 2 potions of agility {unknown}
 x - a potion of mutation {unknown}
Books
 p - a book of the Earth

   Spells                             Type                      Level
   a - Leda's Liquefaction            Hexes/Earth                  4
   b - Bolt of Magma                  Conjuration/Fire/Earth       5
   c - Statue Form                    Transmutation/Earth          6
   d - Iron Shot                      Conjuration/Earth            6
   e - Shatter                        Earth                        9
   Trog disapproves of the use of such an item.
Comestibles
 c - a bread ration
 j - 2 beef jerkies


   Skills:
 - Level 3.2 Fighting
 * Level 6.0 Maces & Flails
 * Level 4.4 Throwing
 - Level 2.1 Armour
 - Level 1.5 Dodging


You had 6 spell levels left.
You didn't know any spells.

Dungeon Overview and Level Annotations

Branches:
Dungeon (5/15)             Temple (0/1) D:4

Altars:
Elyvilon
Okawaru

Shops:
D:4 }


Innate Abilities, Weirdness & Mutations

You are resistant to torment.
You are immune to poison.
Your stone body is very resilient (AC +4).
You resist negative energy.
You are resistant to electric shocks.
You can survive without breathing.
You are immune to petrification.
You are immune to rotting.


Message History

The orc shouts!
Found 11 gold pieces.
A hobgoblin comes into view.
You see here a javelin.
v - 6 javelins (gained 1)
The hobgoblin shouts!
An orc comes into view.
An orc priest comes into view. It is wielding a flail.
The orc priest shouts!
The orc shouts!
A goblin comes into view.
Your scale mail prevents you from hitting the orc.
The goblin shouts!
The orc priest calls down the wrath of Beogh upon you.
Something smites you! The orc hits you but does no damage.
A bat and an orc come into view.
You barely miss the orc.
The orc shouts!
The orc priest invokes the aid of Beogh against you.
Something smites you!
You die...

#..# ##...........
#..###..............
#.....o...........$.
##................o..
##..o..........b......
###...#####.............
.#...## ###.....o...o.
....## #...........
....# ##..@o..g....
##..## #........g...
##...#### #.)#........
##....)#####..#........
######.......##.......
###).##..#...... #
#..###..#.... ## #..#
#..#.. .### #.## #...


You could see an orc priest, 3 orcs, a hobgoblin, a goblin and a bat.

Vanquished Creatures
  An ogre (D:4)
  An iguana (D:4)
  A hound (D:4)
  2 orc priests
  An orc wizard (D:4)
  4 gnolls (D:4)
  5 adders
  2 giant mites
  5 giant geckos
  An ooze (D:1)
  15 orcs
  6 bats
  6 giant cockroaches
  9 goblins
  9 hobgoblins
  4 jackals
  2 ball pythons (D:3)
  4 giant newts
  12 kobolds
  4 quokkas
  8 rats
102 creatures vanquished.

Vanquished Creatures (others)
  A quokka (D:3)
1 creature vanquished.

Grand Total: 103 creatures vanquished

Notes
Turn   | Place    | Note
--------------------------------------------------------------
     0 | D:1      | MrRokkomies, the Gargoyle Berserker, began the quest for the Orb.
     0 | D:1      | Reached XP level 1. HP: 14/14 MP: 1/1
   110 | D:1      | Reached XP level 2. HP: 9/19 MP: 2/2
   386 | D:1      | Reached skill level 1 in Throwing
   563 | D:1      | Reached XP level 3. HP: 21/23 MP: 3/3
   742 | D:1      | Acquired Trog's second power
  1087 | D:2      | Reached skill level 4 in Maces & Flails
  1260 | D:2      | Reached XP level 4. HP: 28/28 MP: 4/4
  1975 | D:3      | Found a white marble altar of Elyvilon.
  2060 | D:3      | Reached XP level 5. HP: 32/32 MP: 5/5
  2722 | D:4      | Reached skill level 5 in Maces & Flails
  2760 | D:4      | Acquired Trog's third power
  2798 | D:4      | Found Iguopp's Gadget Shop.
  3023 | D:4      | Reached XP level 6. HP: 34/37 MP: 6/6
  3084 | D:4      | Found a staircase to the Ecumenical Temple.
  3234 | D:4      | Found an iron altar of Okawaru.
  3438 | D:4      | Noticed an ogre
  3442 | D:4      | Killed an ogre
  3575 | D:5      | Entered Level 5 of the Dungeon
  3656 | D:5      | Reached skill level 6 in Maces & Flails
  3656 | D:5      | Reached XP level 7. HP: 16/41 MP: 7/7
  3735 | D:5      | Received a gift from Trog
  3782 | D:5      | Killed from afar by an orc priest

Action                   |  1- 3 |  4- 6 |  7- 9 || total
-------------------------+-------+-------+-------++-------
Melee: Mace              |   122 |    65 |       ||   187
       Flail             |       |   193 |     4 ||   197
Throw: Javelin           |       |     2 |       ||     2
  Use: Scroll            |     3 |     4 |       ||     7
 Stab: Sleeping          |     4 |       |       ||     4
  Eat: Chunk             |     1 |     3 |     1 ||     5
       Bread ration      |       |     1 |       ||     1
